 Dungeon Crawl Stone Soup version 0.31-a0-986-g5e6e4ef867 (webtiles) character file.

Game seed: 5730890613789744967

2879 Dittersdorf the Blocker (level 9, -10/59 HPs)
             Began as a Gargoyle Fighter on Nov 3, 2023.
             Was a Priest of Okawaru.
             Mangled by a boulder beetle (14 damage)
             ... on level 6 of the Dungeon.
             The game lasted 00:08:56 (6577 turns).

Dittersdorf the Blocker (Gargoyle Fighter)          Turns: 6577, Time: 00:08:57

Health: -10/59     AC: 20    Str: 24    XL:     9   Next: 76%
Magic:  8/9        EV:  8    Int:  9    God:    Okawaru [***...]
Gold:   226        SH:  5    Dex:  9    Spells: 8/8 levels left

rFire   . . .        B - +2 flail
rCold   . . .        c - +0 buckler
rNeg    + . .        r - +0 chain mail
rPois   ∞            t - +0 helmet
rElec   +            l - +1 cloak
rCorr   .            (no gloves)
SInv    .            (no boots)
Will    +....        (no amulet) Stlth
                     m - ring of willpower
HPRegen 0.29/turn    (no ring)
MPRegen 0.11/turn

%: no passive effects
@: no status effects
A: sickness immunity, AC +6, negative energy resistance 1, electricity
resistance, torment resistance 1, petrification resistance
a: Renounce Religion, Heroism


You were on level 6 of the Dungeon.
You worshipped Okawaru.
Okawaru was most pleased with you.
You visited 2 branches of the dungeon, and saw 7 of its levels.

You collected 281 gold pieces.
You spent 55 gold pieces at shops.

Inventory:

Hand Weapons
 B - a +2 flail (weapon)
Armour
 c - a +0 buckler (worn)
 l - a +1 cloak (worn)
 r - a +0 chain mail (worn)
 t - a +0 helmet (worn)
Jewellery
 m - a ring of willpower (left hand)
Wands
 h - a wand of flame (7) (quivered)
 v - a wand of quicksilver (8)
Scrolls
 a - a scroll of vulnerability {unknown}
 e - 4 scrolls of teleportation
 f - 2 scrolls of enchant weapon
 i - a scroll of fear {unknown}
 j - a scroll of immolation {unknown}
 p - a scroll of amnesia {unknown}
 w - 2 scrolls of torment {unknown}
 x - a scroll of silence {unknown}
 y - a scroll of revelation {unknown}
 z - a scroll of fog {unknown}
Potions
 b - a potion of curing {unknown}
 d - a potion of might
 g - a potion of brilliance
 k - a potion of invisibility {unknown}
 n - a potion of heal wounds
 o - 2 potions of haste
 q - a potion of resistance
 s - 2 potions of magic {unknown}
 u - a potion of mutation {unknown}
 A - 2 potions of lignification {unknown}


   Skills:
 + Level 8.0 Fighting
 + Level 6.8 Maces & Flails
 + Level 7.9 Armour
 + Level 8.0 Shields


You had 8 spell levels left.
You didn't know any spells.
Your spell library contained the following spells:

 Spells                   Type           Power      Damage    Failure   Level
 Magic Dart               Conj           0%         1d3       91%         1
 Ensorcelled Hibernation  Hex/Ice        0%         N/A       97%         2
 Passwall                 Tmut/Erth      0%         N/A       97%         2
 Mephitic Cloud           Conj/Pois/Air  0%         N/A       100%        3
 Swiftness                Air            0%         N/A       100%        3
 Call Imp                 Summ           Unusable   N/A       N/A         2

Dungeon Overview and Level Annotations

Branches:
Dungeon (6/15)             Temple (1/1) D:5

Altars:
Ashenzari
Cheibriados
Dithmenos
Elyvilon
Fedhas
Gozag
Hepliaklqana
Makhleb
Okawaru
Qazlal
Ru
Sif Muna
Trog
Vehumet
Wu Jian
Xom
Zin

Shops:
D:1 ?   D:4 !*

Annotations:
D:3 3 runed translucent doors, jasper's ghost, amateur DsRe
D:4 2 transporters


Innate Abilities, Weirdness & Mutations

You are immune to sickness and miasma.
Your stone body is resilient. (AC +6)
You are immune to poison.
You resist negative energy. (rN+)
You are resistant to electric shocks. (rElec)
You are resistant to unholy torment.
You are immune to petrification.


Message History

The boulder beetle curls into a ball and begins rolling!
You sock the boulder beetle!
The boulder beetle is lightly wounded.
The boulder beetle hits you!!
* * * LOW HITPOINT WARNING * * *
The boulder beetle stops rolling and uncurls.
You hear a croak.
You barely miss the boulder beetle.
The boulder beetle is lightly wounded.
The boulder beetle bites you but does no damage.
You sock the boulder beetle!
The boulder beetle is lightly wounded.
You hit the boulder beetle but do no damage.
The boulder beetle is lightly wounded.
The boulder beetle bites you but does no damage.
You hit the boulder beetle but do no damage.
The boulder beetle is lightly wounded.
You block the boulder beetle's attack.
You hit the boulder beetle but do no damage.
The boulder beetle is lightly wounded.
The boulder beetle leaps!
You closely miss the bullfrog.
The bullfrog hits you but does no damage.
You bludgeon the bullfrog!!
You kill the bullfrog!
Okawaru accepts your kill.
Your base Fighting skill increases to level 8!
Your base Shields skill increases to level 8!
You bludgeon the boulder beetle!!
The boulder beetle is moderately wounded.
You feel like a meek peon again. You block the boulder beetle's attack.
You hit the boulder beetle.
The boulder beetle is heavily wounded.
The boulder beetle bites you!
* * * LOW HITPOINT WARNING * * *
You hit the boulder beetle but do no damage.
The boulder beetle is heavily wounded.
The boulder beetle bites you!
You die...

###.#.......##########.........##
#)#.......# #..#########.
#)##.....(#### #.## #.
###)##......##.######.# ##.
...[##......##.....>..# ##..
....##.#######..###...# #..#
....##..#....#..# #...##### ##..#
....###.#.88.########.....###..##
....# #.#.88.##.@B.###....##...#
....# #.'....#)####..#........##
....###.####'#.# #..#....#.### #
.........##..#.##..###....#.# ###
....##...##..#[##.B #....#.###..
....######.####.### #....#.##...
##### #.# #.###..#....#....#. #.#
#.#B$###.......#...
#.####.#$[#.##.....##..#


You could see a boulder beetle.

Vanquished Creatures
  Pikel (D:5)
  A kobold demonologist (D:6)
  A hornet (D:5)
  A steam dragon (D:6)
  Duvessa (D:5)
  An orc warrior (D:6)
  A black bear (D:6)
  2 ogres
  2 phantoms (D:5)
  Blork the orc (D:5)
  A bullfrog (D:6)
  3 scorpions (D:5)
  Dowan (D:5)
  4 wights (D:5)
  2 hounds
  2 jellies (D:6)
  An orc priest (D:6)
  5 sleepcaps
  5 iguanas
  An orc wizard (D:3)
  A statue (D:6)
  Robin (D:3)
  9 adders
  2 shadow imps
  2 worms (D:2)
  3 dart slugs
  14 orcs
  7 ball pythons
  7 bats
  4 endoplasms
  3 giant cockroaches
  14 goblins
  9 hobgoblins
  2 jackals (D:1)
  4 quokkas
  8 frilled lizards
  3 kobolds
  4 rats
134 creatures vanquished.

Notes
Turn   | Place    | Note
-------+----------+-------------------------------------------
     0 | D:1      | Dittersdorf the Gargoyle Fighter began the quest for the
                  | Orb.
     0 | D:1      | Reached XP level 1. HP: 14/14 MP: 1/1
   188 | D:1      | Reached XP level 2. HP: 18/19 MP: 2/2
   517 | D:1      | Found Usacsoca's Magic Scroll Emporium.
   931 | D:2      | Reached XP level 3. HP: 23/23 MP: 3/3
   995 | D:2      | Found a faded altar of an unknown god.
  1590 | D:3      | Found an iron altar of Okawaru.
  1590 | D:3      | Found a stormy altar of Qazlal.
  1595 | D:3      | Found a broken altar of Ashenzari.
  1596 | D:3      | Noticed Robin
  1597 | D:3      | Became a worshipper of Warmaster Okawaru
  1628 | D:2      | Reached XP level 4. HP: 24/29 MP: 4/4
  1810 | D:3      | Killed Robin
  1958 | D:3      | Found a runed translucent gate.
  1958 | D:3      | Found a runed translucent gate.
  1959 | D:3      | Found a runed translucent gate.
  1992 | D:3      | Found an opulent altar of Gozag.
  1993 | D:3      | Noticed jasper's ghost (amateur DsRe)
  2515 | D:3      | Reached XP level 5. HP: 18/33 MP: 5/5
  2881 | D:4      | Noticed an ogre
  2891 | D:4      | Killed an ogre
  2891 | D:4      | Reached * piety under Okawaru
  2892 | D:4      | Reached XP level 6. HP: 14/39 MP: 6/6
  3045 | D:4      | Found a transporter.
  3221 | D:4      | Found Dajicemm's Distillery.
  3226 | D:4      | Found a transporter.
  3230 | D:4      | Bought a potion of heal wounds for 55 gold pieces
  3316 | D:4      | Found Gausar's Gadget Gallery.
  3641 | D:5      | Entered Level 5 of the Dungeon
  3645 | D:5      | Noticed Blork the orc
  3699 | D:5      | Killed Blork the orc
  3700 | D:5      | Reached skill level 5 in Fighting
  3784 | D:5      | Noticed Pikel
  3833 | D:5      | HP: 2/40 [Pikel/+0 whip of flaming (2)]
  3834 | D:5      | Killed Pikel
  3835 | D:5      | Reached skill level 5 in Armour
  3835 | D:5      | Reached skill level 5 in Shields
  3835 | D:5      | Reached XP level 7. HP: 3/45 MP: 4/7
  3835 | D:5      | Reached XP level 8. HP: 3/51 MP: 4/8
  4022 | D:5      | Noticed a hornet
  4060 | D:5      | Killed a hornet
  4060 | D:5      | Reached ** piety under Okawaru
  4061 | D:5      | Reached skill level 5 in Maces & Flails
  4904 | D:5      | Reached XP level 9. HP: 55/56 MP: 9/9
  5423 | D:5      | Noticed Duvessa
  5423 | D:5      | Noticed Dowan
  5424 | D:5      | Found a staircase to the Ecumenical Temple.
  5439 | D:5      | Killed Duvessa
  5449 | Temple   | Entered the Ecumenical Temple
  5534 | D:5      | Killed Dowan
  5783 | D:6      | Noticed a kobold demonologist
  5791 | D:6      | Noticed a soul eater
  5795 | D:6      | Killed a kobold demonologist
  5834 | D:6      | Found a radiant altar of Vehumet.
  6081 | D:6      | Reached *** piety under Okawaru
  6430 | D:6      | Noticed a boulder beetle
  6577 | D:6      | Mangled by a boulder beetle

Illustrated notes

Levels and vault maps discovered:
D:1:      lemuel_arrival_river_passageway, layout_loops_corners, serial_shops,
          shop
D:2:      layout_loops_ring, shapermc_ecumenical_altar_starsandcircs,
          corner_web_ring
D:3:      layout_rooms, ashenzari_altar_1,
          chequers_temple_overflow_statue_of_worship, ebering_ghost_gozag,
          grunt_decor_one_mirror, dk_noncrumbling_4, roderic_lattice_a,
          kennysheep_donut, uniq_robin
D:4:      gammafunk_steamed_eel, layout_basic, serial_shops, shop,
          nicolae_shop_gadgets
D:5:      layout_layer_cave, lemuel_temple_firewalk_a, minmay_lizard_king,
          uniq_duvessa, uniq_pikel, uniq_blork_the_orc
D:6:      minmay_chambers_of_fours, layout_rooms, vehumet_statue,
          chequers_serial_rivers_micro_a, nicolae_letterblocks
          [nicolae_letter_subblock, nicolae_letter_subblock,
          nicolae_letter_subblock, nicolae_letter_subblock,
          nicolae_letter_subblock, nicolae_letter_subblock,
          nicolae_letter_subblock, nicolae_letter_subblock,
          nicolae_letter_subblock, nicolae_letter_subblock,
          nicolae_letter_subblock, nicolae_letter_subblock,
          nicolae_letter_subblock, nicolae_letter_subblock,
          nicolae_letter_subblock, nicolae_letter_subblock,
          nicolae_letter_subblock, nicolae_letter_subblock,
          nicolae_letter_subblock, nicolae_letter_subblock,
          nicolae_letter_subblock, nicolae_letter_subblock,
          nicolae_letter_subblock, nicolae_letter_subblock,
          nicolae_letter_subblock]
Temple:   dshaligram_water_room_temple

Skill      XL: |  1  2  3  4  5  6  7  8  9 |
---------------+----------------------------+-----
Fighting       | 4 5 6 8 |  8.0
Shields        | 4 5 6 8 |  8.0
Armour         | 4 5 6 7 |  7.9
Maces & Flails | 3 4 5 6 |  6.8

Action                     |  1- 3 |  4- 6 |  7- 9 || total
---------------------------+-------+-------+-------++-------
  Melee: Flail             |   149 |   237 |   256 ||   642
  Throw: Dart              |     1 |     7 |     3 ||    11
 Invoke: Heroism           |       |     1 |     3 ||     4
  Evoke: Wand              |       |       |    18 ||    18
    Use: Scroll            |     6 |     2 |       ||     8
 Armour: Scale mail        |   127 |   137 |       ||   264
         Chain mail        |       |    61 |   232 ||   293
  Dodge: Dodged            |    97 |   105 |   102 ||   304
  Block: Buckler           |    33 |    75 |    71 ||   179

Table legend: (Time is in decaauts)
 A = Elapsed time spent in this place.
 B = Non-inter-level travel time spent in this place.
 C = Inter-level travel time spent in this place.
 D = Time resting spent in this place.
 E = Time spent auto-exploring this place.
 F = Levels seen in this place.
 G = Mean time per level.
                   A        B        C        D        E       F      G
               +--------+--------+--------+--------+--------+-----+--------+
         Total |   6740 |   6461 |    279 |    853 |   3994 |   7 |  962.9 |
       Dungeon |   6664 |   6385 |    279 |    779 |   3994 |   6 | 1110.7 |
        Temple |     75 |     75 |      0 |     74 |      0 |   1 |   75.0 |
               +--------+--------+--------+--------+--------+-----+--------+

Top non-repeatable levels by time:
     D:5: 1928 daAuts
     D:3: 1134 daAuts
     D:1: 989 daAuts
     D:4: 948 daAuts
     D:2: 871 daAuts
     D:6: 792 daAuts
  Temple: 75 daAuts
